[Event "Late-Titled-Tuesday-Blitz-January-30-2024"]
[Site "Chess.com"]
[Date "2024.01.30"]
[Round "6"]
[White "Noki102"]
[Black "SuanFernandes"]
[Result "1-0"]
[WhiteElo "2524"]
[BlackElo "2320"]
[TimeControl "180+1"]
[EndTime "15:07:03 PST"]
[Termination "Noki102 won on time"]

1. d4 d5 2. Nf3 Nf6 3. Bf4 e6 4. e3 Bd6 5. Ne5 O-O 6. Nd2 c5 7. c3 Qc7 8. Bd3 Nc6 9. Ndf3 b6 10. g4 Ne4 11. Bg3 f6 12. Nxc6 Qxc6 13. Bxe4 dxe4 14. Nd2 cxd4 15. cxd4 Bb4 16. Rc1 Qd5 17. a3 Bxd2+ 18.
Kxd2 Ba6 19. Qa4 Bd3 20. Rc7 Rfd8 21. Rhc1 e5 22. g5 exd4 23. gxf6 dxe3+ 24. Kxe3 Qg5+ 25. Bf4 Qxf6 26. Rg1 g6 27. Qb3+ Kh8 28. Qc3 Qxc3 29. bxc3 a5 30. Be5+ Kg8 31. Rg7+ Kf8 32. Rxh7 Re8 33.
Bd4 Re6 34. Rh8+ 1-0

[Event "Late-Titled-Tuesday-Blitz-January-30-2024"]
[Site "Chess.com"]
[Date "2024.01.30"]
[Round "6"]
[White "annacramling"]
[Black "DeArron_Fox"]
[Result "0-1"]
[WhiteElo "2118"]
[BlackElo "2490"]
[TimeControl "180+1"]
[EndTime "15:07:03 PST"]
[Termination "DeArron_Fox won on time"]

1. e3 d5 2. d3 e5 3. Ne2 Nf6 4. Ng3 h5 5. h4 Bg4 6. Be2 Bd6 7. Nd2 Nbd7 8. e4 c6 9. c3 Nc5 10. Nb3 Nxb3 11. axb3 Bc5 12. d4 exd4 13. e5 Ne4 14. Nxe4 dxe4 15. Bxg4 hxg4 16. Qxg4 Qd7 17. Qxe4 O-O-O 18. Bd2 f5 19. Qf4 dxc3 20. Bxc3 Qd3 21. b4 Bb6 22. Qg3 Qe4+ 23. Kf1 Rd3 24. Qxg7 Rhd8 25. Re1 Rd1 0-1

[Event "Late-Titled-Tuesday-Blitz-January-30-2024"]
[Site "Chess.com"]
[Date "2024.01.30"]
[Round "6"]
[White "vladoboch"]
[Black "IlanSchnaider"]
[Result "0-1"]
[WhiteElo "2480"]
[BlackElo "2673"]
[TimeControl "180+1"]
[EndTime "15:07:04 PST"]
[Termination "IlanSchnaider won by resignation"]

1. e4 c5 2. Nf3 d6 3. d4 cxd4 4. Nxd4 Nf6 5. Nc3 a6 6. f3 e5 7.
Nb3 Be7 8. Be3 Be6 9. Qd2 h5 10. O-O-O Nbd7 11. Nd5 Nxd5 12. exd5 Bf5 13. Bd3 Bxd3 14.
Qxd3 Bg5 15. Kb1 Bxe3 16. Qxe3 O-O 17. h4 f5 18. f4 Qf6 19. fxe5 dxe5 20. d6 Rfd8 21.
Qf3 e4 22. Qxh5 Ne5 23. Rhf1 Nc4 24. c3 Ne3 25. Nd4 Rxd6 26. Qe2 Nxd1 27. Qxd1 Rad8 28. Qb3+ Kh8 29. Rxf5 Qxf5 30. Nxf5 Rd1+ 31. Qxd1 Rxd1+ 32. Kc2 Rf1 33. g4 Rf2+ 34. Kb3 g6 35. Ne7 e3 36. Nxg6+ Kg7 37. Ne5 e2 38. Nd3 Rf3 39. Ne1 Rf1 40. Nd3 Rd1 41. Ne1 Rxe1 0-1

[Event "Late-Titled-Tuesday-Blitz-January-30-2024"]
[Site "Chess.com"]
[Date "2024.01.30"]
[Round "6"]
[White "tusplingher"]
[Black "ansko1999"]
[Result "0-1"]
[WhiteElo "2486"]
[BlackElo "2672"]
[TimeControl "180+1"]
[EndTime "15:07:06 PST"]
[Termination "ansko1999 won by resignation"]

1. e4 e5 2. Nf3 d5 3. Nxe5 Bd6 4.
Nf3 dxe4 5. Qe2 Nf6 6. Nd4 O-O 7.
h3 a6 8. g3 c5 9. Nb3 Nc6 10.
Bg2 Be6 11. Qe3 c4 12. Nd4 Nxd4 13. Qxd4 Qe7 14. O-O Bc5 15. Qe5 Bd6 16. Qd4 Rad8 17. Qe3 Bc5 18. Qe2 b5 19. Nc3 Bf5 20. b3 Qd6 21.
bxc4 Qxg3 22. Kh1 Qh4 23. Nd5 Nxd5 24. cxd5 Bxh3 25. Bxh3 Qxh3+ 26. Kg1 Qg3+ 27. Kh1 Qh3+ 28. Kg1 Rd6 29. Qxe4 Rg6+ 30. Qxg6 fxg6 31. d4 Bxd4 32.
c3 Qg3+ 33. Kh1 Bxf2 34. Rxf2 Rxf2 0-1

[Event "Late-Titled-Tuesday-Blitz-January-30-2024"]
[Site "Chess.com"]
[Date "2024.01.30"]
[Round "6"]
[White "Schattman"]
[Black "nindjaxx8"]
[Result "1-0"]
[WhiteElo "2466"]
[BlackElo "2584"]
[TimeControl "180+1"]
[EndTime "15:07:08 PST"]
[Termination "Schattman won by resignation"]

1. f4 d5 2. Nf3 Nf6 3. g3 e6 4. Bg2 Be7 5. O-O O-O 6. d3 b6 7. Ne5 Bb7 8. Nc3 Nbd7 9. Nxd7 Qxd7 10. h3 Bc5+ 11. Kh2 Rfd8 12. Qe1 Qe7 13. e4 dxe4 14. Nxe4 Nxe4 15. dxe4 Rd7 16. Be3 Rad8 17. Qf2 Ba6 18. Bxc5 bxc5 19. Rfc1 Rd2 20. Qe3 Re2 21. Qa3 Rdd2 22.
Rg1 Bb7 23. Rae1 Bxe4 24. Rxe2 Rxe2 25. Qxa7 h5 26. Kh1 Qd6 27. Bxe4 Rxe4 28. Qa8+ Kh7 29. Qxe4+ f5 30. Qd3 Qc6+ 31. Kh2 c4 32. Qe3 Qd5 33.
Re1 c3 34. bxc3 Qxa2 35. Re2 1-0

[Event "Late-Titled-Tuesday-Blitz-January-30-2024"]
[Site "Chess.com"]
[Date "2024.01.30"]
[Round "6"]
[White "JakubPulpan"]
[Black "LiemLe"]
[Result "0-1"]
[WhiteElo "2704"]
[BlackElo "3043"]
[TimeControl "180+1"]
[EndTime "15:07:11 PST"]
[Termination "LiemLe won by resignation"]

1. Nf3 d5 2. b3 f6 3. d4 Nc6 4. Bb2 Bg4 5. Nbd2 e6 6. h3 Bh5 7. e4 Bd6 8. Be2 Nge7 9. c4 O-O 10. O-O Bf4 11. Re1 Qd7 12. exd5 exd5 13. cxd5 Nxd5 14.
Ne4 b6 15. Nh4 Bxe2 16. Qxe2 Rfe8 17. Qc4 Na5 18. Qc2 Re7 19. Ng3 Rae8 20. Rxe7 Rxe7 21.
Ba3 Re6 22. Nf3 Qc6 23. Qf5 g6 24. Qg4 Kf7 25. Rf1 Re8 26. Nh2 Qe6 27. Qf3 Nc6 28. Bb2 h5 29. h4 a5 30. Qd3 Ncb4 31. Qb1 Bxg3 32. fxg3 Qe3+ 33. Kh1 Qxg3 34. a3 Nd3 35. Qc2 Ne3 36. Qf2 Nxf2+ 0-1

[Event "Late-Titled-Tuesday-Blitz-January-30-2024"]
[Site "Chess.com"]
[Date "2024.01.30"]
[Round "6"]
[White "OPQRC"]
[Black "The_Straightforward_Rook"]
[Result "1-0"]
[WhiteElo "2544"]
[BlackElo "2417"]
[TimeControl "180+1"]
[EndTime "15:07:11 PST"]
[Termination "OPQRC won by checkmate"]

1. e4 c6 2. d4 d5 3. exd5 cxd5 4. Bf4 Nf6 5. c3 Bg4 6. Qb3 Qd7 7. Nd2 Nc6 8. Ngf3 a6 9. h3 Bxf3 10. Nxf3 e6 11.
Bd3 Be7 12. O-O O-O 13. Rfe1 b5 14. Qd1 b4 15. Re3 bxc3 16. bxc3 Rfc8 17. Rb1 Bd6 18.
Bg5 Na5 19. Ne5 Qc7 20. Bxf6 gxf6 21. Qh5 fxe5 22. dxe5 Kf8 23. exd6 Qxd6 24. Rb7 Rc7 25. Rxc7 Qxc7 26. Qxh7 Rb8 27. Qh6+ Ke8 28. h4 Nc4 29. Bxc4 Rb1+ 30. Bf1 Qc4 31. Rxe6+ fxe6 32. Qh8+ Kd7 33. Qh7+ Kd6 34. Qxb1 Qxc3 35. Bxa6 Qd4 36. g3 Qg4 37. Bf1 Qf3 38. Qb8+ Kd7 39. Qf4 Qa3 40. h5 Qxa2 41. h6 Qb1 42. Qf7+ Kd6 43. h7 d4 44.
Qf8+ Ke5 45. h8=Q+ Kd5 46. Qd8+ Ke4 47. Qhxd4+ Kf3 48. Qf4# 1-0

[Event "Late-Titled-Tuesday-Blitz-January-30-2024"]
[Site "Chess.com"]
[Date "2024.01.30"]
[Round "6"]
[White "cthulhuuu"]
[Black "djano"]
[Result "1-0"]
[WhiteElo "2416"]
[BlackElo "2618"]
[TimeControl "180+1"]
[EndTime "15:07:12 PST"]
[Termination "cthulhuuu won by resignation"]

1. e4 Nf6 2. d3 g6 3. g3 Bg7 4.
Bg2 O-O 5. Nf3 d6 6. O-O c5 7. Re1 Nc6 8. e5 dxe5 9. Nxe5 Bd7 10.
Nxd7 Qxd7 11. Nd2 Rad8 12. Nc4 Rfe8 13. a4 Nd5 14. c3 Nc7 15. Bf4 Ne6 16. Ne5 Nxe5 17.
Bxe5 Bxe5 18. Rxe5 Qxd3 19. Qb3 b6 20. Bd5 Kg7 21.
Rae1 c4 22. Bxc4 Qd2 23. Bxe6 fxe6 24. Rxe6 Rd7 25. Qb5 Red8 26. Rxe7+ Kh6 27. h4 Rd5 28. Qc4 Rf8 29. R1e2 Qd1+ 30. Kg2 Rdf5 31. g4 Rf4 32. g5+ Kh5 33. Rxh7+ Kg4 34. f3+ 1-0

[Event "Late-Titled-Tuesday-Blitz-January-30-2024"]
[Site "Chess.com"]
[Date "2024.01.30"]
[Round "6"]
[White "jinxy2009"]
[Black "Zq1"]
[Result "1-0"]
[WhiteElo "2239"]
[BlackElo "2493"]
[TimeControl "180+1"]
[EndTime "15:07:12 PST"]
[Termination "jinxy2009 won by resignation"]

1. e4 c5 2. Nf3 d6 3. d4 cxd4 4. Nxd4 Nf6 5. Nc3 Nc6 6. Bg5 g6 7. Bxf6 exf6 8. Bc4 Be7 9. O-O O-O 10. Nd5 Nxd4 11.
Qxd4 Be6 12. f4 Rc8 13. Bb3 Bxd5 14. Bxd5 b6 15. c4 Qc7 16. Kh1 Qc5 17. Qd3 Kg7 18. f5 a6 19. Qd2 b5 20. Rf3 bxc4 21. Rh3 g5 22. Qe2 Rh8 23. Qh5 Rcf8 24. Qh6+ Kg8 25. Rg3 Qf2 26. Rg4 Qxb2 27. Rg1 Qe2 28. Rxg5+ fxg5 29. f6 Bxf6 30. Qxf6 Qe3 31. Rf1 c3 32. Qe7 Kg7 33.
Rxf7+ Rxf7 34. Qxf7+ Kh6 35. Qf6+ Kh5 36. Bf7+ Kg4 37.
Qf5+ 1-0

[Event "Late-Titled-Tuesday-Blitz-January-30-2024"]
[Site "Chess.com"]
[Date "2024.01.30"]
[Round "6"]
[White "jcibarra"]
[Black "SnekkerAndersen"]
[Result "1-0"]
[WhiteElo "2876"]
[BlackElo "2639"]
[TimeControl "180+1"]
[EndTime "15:07:15 PST"]
[Termination "jcibarra won by resignation"]

1. e4 e6 2. d4 d5 3. Nc3 Nf6 4. Bg5 Bb4 5. Ne2 h6 6. Bxf6 Qxf6 7. exd5 O-O 8. Qd2 exd5 9. a3 Bxc3 10. Nxc3 c6 11.
O-O-O b5 12. Ne2 Nd7 13. Qf4 Re8 14. f3 a5 15. Qxf6 Nxf6 16. Nf4 Bf5 17. g4 Bh7 18.
Kd2 g5 19. Ng2 Re7 20. Bd3 Bxd3 21. Kxd3 Rae8 22. Rhe1 Rxe1 23. Nxe1 Re7 24. Ng2 Ne8 25. Ne3 Nd6 26. b3 Kg7 27. Ra1 Kg6 28. a4 b4 29.
Rc1 f5 30. c3 f4 31. Ng2 bxc3 32. Rxc3 Rc7 33. Ne1 Nb7 34. Kd2 c5 35. Nd3 c4 36.
bxc4 dxc4 37. Ne5+ Kf6 38. Rxc4 Rxc4 39. Nxc4 Ke6 40.
Kc3 Kd5 41. Kd3 Kc6 42. Ke4 Nd8 43. Nxa5+ Kd6 44. Nc4+ Ke6 45. d5+ Kd7 1-0

[Event "Late-Titled-Tuesday-Blitz-January-30-2024"]
[Site "Chess.com"]
[Date "2024.01.30"]
[Round "6"]
[White "GaiozNigalidze"]
[Black "valeriocarnicelli"]
[Result "1-0"]
[WhiteElo "2702"]
[BlackElo "2536"]
[TimeControl "180+1"]
[EndTime "15:07:15 PST"]
[Termination "GaiozNigalidze won on time"]

1. d4 e6 2. c4 Nf6 3. Nf3 c5 4. e3 cxd4 5. exd4 d5 6. Nc3 Be7 7. cxd5 Nxd5 8. Bd3 O-O 9. O-O Nxc3 10. bxc3 Nc6 11. Qe2 Bf6 12. Qe4 g6 13. Ba3 Re8 14. Rfe1 Qa5 15. Bc1 Bd7 16. Bd2 Qd5 17. Qf4 Bg7 18.
c4 Qh5 19. g4 Qh3 20. Bf1 e5 21. Nxe5 Bxe5 22. Rxe5 Qxg4+ 23. Qxg4 Bxg4 24. Rxe8+ Rxe8 25. Be3 Bf3 26. d5 Re4 27. h3 Ne5 28. d6 Nc6 29. Rb1 b6 30. c5 bxc5 31. d7 Kg7 32. Rb8 Ra4 33. Rc8 1-0

[Event "Late-Titled-Tuesday-Blitz-January-30-2024"]
[Site "Chess.com"]
[Date "2024.01.30"]
[Round "6"]
[White "dzilleruelo"]
[Black "winniethepooh04"]
[Result "0-1"]
[WhiteElo "2320"]
[BlackElo "2530"]
[TimeControl "180+1"]
[EndTime "15:07:15 PST"]
[Termination "winniethepooh04 won by resignation"]

1. e4 e6 2. Qe2 Nf6 3. Nf3 d5 4.
exd5 Nxd5 5. d4 Be7 6. g3 b6 7. Bg2 Bb7 8. O-O O-O 9. Ne5 c6 10. Rd1 Qc8 11. c4 Nf6 12. Nc3 Nbd7 13. Be3 Rd8 14.
Rac1 Qc7 15. Nd3 Rac8 16. Bf4 Bd6 17. Ne5 Qb8 18. Bh3 Nf8 19. c5 Bc7 20. Ne4 Nxe4 21. Qxe4 bxc5 22. dxc5 Rd5 23. Rxd5 cxd5 24. Qe3 Ng6 25.
Nxg6 hxg6 26. Bxc7 Qxc7 27. b4 a6 28. Bg2 Rd8 29.
Rd1 Bc6 30. Qb3 Qd7 31. Rd2 Rb8 32. a3 Qe7 33. Qc3 Qc7 34. h4 Qb7 35. Bf1 a5 36. b5 Bxb5 37. Rb2 Qc6 38. Qb3 Qxc5 39. Bxb5 a4 40.
Qxa4 Qc1+ 41. Kg2 Qxb2 42. Bf1 Qb3 43. Qxb3 Rxb3 44. a4 Ra3 45. Bb5 Kf8 46. f4 f6 47.
Kh3 Ke7 48. Kg4 e5 49. fxe5 fxe5 50. Kg5 Kf7 51. g4 d4 52. h5 gxh5 53. gxh5 d3 54. Kf5 d2 55. Be2 Rxa4 56. Kxe5 Ra1 0-1

[Event "Late-Titled-Tuesday-Blitz-January-30-2024"]
[Site "Chess.com"]
[Date "2024.01.30"]
[Round "6"]
[White "Quattroporte300"]
[Black "wadsy27"]
[Result "1-0"]
[WhiteElo "2413"]
[BlackElo "2615"]
[TimeControl "180+1"]
[EndTime "15:07:17 PST"]
[Termination "Quattroporte300 won by checkmate"]

1. e4 e6 2. d4 d5 3. exd5 exd5 4. Nf3 Nc6 5. Bb5 Bd6 6. O-O Ne7 7. h3 O-O 8. c3 Bf5 9. Re1 a6 10. Bd3 Bxd3 11.
Qxd3 Ng6 12. g3 Qd7 13. Kg2 h6 14. b3 Rae8 15. Ba3 f5 16. Bxd6 Qxd6 17. Nbd2 f4 18.
g4 Qf6 19. c4 Rd8 20. c5 Rde8 21. a3 Nh8 22. b4 Nf7 23. Rab1 h5 24. gxh5 Ne7 25.
Ne5 Nf5 26. Ndf3 Nh4+ 27. Nxh4 Qxh4 28. Nxf7 f3+ 29. Qxf3 Rxe1 30. Rxe1 Qxd4 31. Re7 Qh4 32. Rxc7 d4 33. Qd5 Kh7 34. Qe5 d3 35. Ng5+ Kh8 36.
Qxg7# 1-0

[Event "Late-Titled-Tuesday-Blitz-January-30-2024"]
[Site "Chess.com"]
[Date "2024.01.30"]
[Round "6"]
[White "jcmesafischer"]
[Black "protectiago"]
[Result "1-0"]
[WhiteElo "2339"]
[BlackElo "2064"]
[TimeControl "180+1"]
[EndTime "15:07:17 PST"]
[Termination "jcmesafischer won on time"]

1. e4 e5 2. Nf3 Nc6 3. Bc4 Bc5 4. c3 Nf6 5. d3 d6 6. Nbd2 a5 7. Nf1 h6 8. Ng3 O-O 9. O-O Ba7 10. d4 exd4 11.
cxd4 Bg4 12. d5 Ne5 13. Be2 Nxf3+ 14. Bxf3 Qd7 15. Bxg4 Qxg4 16. Qd3 Rfe8 17. Re1 h5 18. Be3 Bxe3 19. Rxe3 h4 20. f3 Qg6 21. Nf5 Qg5 22.
Qd4 Re5 23. g3 hxg3 24. hxg3 Nxd5 25. Re2 Rae8 26. Rh2 f6 27. Kf2 Ne7 28. f4 Nxf5 29. Qc4+ d5 30. fxg5 dxc4 31. exf5 Re2+ 32. Kg1 Rxh2 33.
Kxh2 Re2+ 34. Kh3 Rxb2 35. g6 c3 36. Rd1 Kf8 37. Rd7 Ke8 38. Rxc7 1-0

[Event "Late-Titled-Tuesday-Blitz-January-30-2024"]
[Site "Chess.com"]
[Date "2024.01.30"]
[Round "6"]
[White "picturesquecheck"]
[Black "Siniauski"]
[Result "1-0"]
[WhiteElo "2386"]
[BlackElo "2607"]
[TimeControl "180+1"]
[EndTime "15:07:23 PST"]
[Termination "picturesquecheck won by resignation"]

1. e4 e6 2. d4 d5 3. exd5 exd5 4. Nf3 Nc6 5. Bd3 Bd6 6. O-O Nge7 7. c3 Bg4 8. h3 Bh5 9. Re1 f6 10. Nbd2 Qd7 11. Nf1 O-O-O 12. Ng3 Bg6 13. b4 Rde8 14. Bb2 Bxd3 15. Qxd3 g5 16. a4 h5 17. b5 Na5 18.
Ba3 Nc4 19. Bxd6 Nxd6 20. h4 g4 21. Nd2 Nef5 22. Nxf5 Nxf5 23. g3 Nd6 24. Kg2 f5 25. Re5 Ne4 26. Re1 Rxe5 27. dxe5 Qe6 28. Qd4 Re8 29. Nxe4 fxe4 30. Qxa7 Qxe5 31. Qa8+ Kd7 32. Qxb7 Re6 33. c4 Rd6 34. cxd5 Qc3 35. Re3 Qd2 36. Rxe4 Rf6 37. Rf4 Rxf4 38. gxf4 Qxf4 39. Qc6+ Kd8 40. Qc3 Qe4+ 41. Kh2 Qxd5 42. Qf6+ Kc8 43. Qg5 Qd6+ 44. Kg2 Qf8 45. Qxh5 Qf3+ 46. Kg1 Kb8 47. Qe8+ Ka7 48.
Qe3+ 1-0

[Event "Late-Titled-Tuesday-Blitz-January-30-2024"]
[Site "Chess.com"]
[Date "2024.01.30"]
[Round "6"]
[White "BebeBonito2022"]
[Black "Doudou2015"]
[Result "1-0"]
[WhiteElo "2328"]
[BlackElo "2194"]
[TimeControl "180+1"]
[EndTime "15:07:24 PST"]
[Termination "BebeBonito2022 won by resignation"]

1. d4 d5 2. c4 e6 3. Nc3 c6 4. e3 Nf6 5. Nf3 Bd6 6. b3 O-O 7. Bb2 Nbd7 8. Qc2 Re8 9. Be2 Nf8 10. O-O Ng6 11. Rad1 Qc7 12. Rfe1 a6 13. Bf1 Bd7 14. e4 dxe4 15. Nxe4 Nxe4 16. Qxe4 Bb4 17. Re3 Qd6 18. a3 Ba5 19. b4 Bc7 20. g3 b6 21.
h4 c5 22. d5 exd5 23. Qxd5 Qxd5 24. cxd5 Rxe3 25. fxe3 Bxg3 26. bxc5 bxc5 27. h5 Nh4 28. Be2 Nf5 29. e4 Ne3 30. Rc1 Rc8 31. Bxa6 Rb8 32.
Be5 Bxe5 33. Nxe5 Bg4 34. Rxc5 Bxh5 35. d6 f6 36. d7 Rb1+ 37. Kf2 Nd1+ 38. Kg3 Rb2 39.
d8=Q+ 1-0

[Event "Late-Titled-Tuesday-Blitz-January-30-2024"]
[Site "Chess.com"]
[Date "2024.01.30"]
[Round "6"]
[White "azikom"]
[Black "SHIVACalypso"]
[Result "0-1"]
[WhiteElo "2719"]
[BlackElo "2495"]
[TimeControl "180+1"]
[EndTime "15:07:25 PST"]
[Termination "SHIVACalypso won on time"]

1. d4 Nf6 2. c4 e6 3. Nc3 d5 4. Nf3 Ne4 5. Qc2 Nxc3 6. bxc3 dxc4 7. e4 b5 8. a4 c6 9. h4 Bb7 10. e5 h6 11. Qb1 Qc8 12. Rh3 a6 13. Rg3 Nd7 14.
Nd2 Rb8 15. h5 c5 16. axb5 axb5 17. Ne4 cxd4 18. cxd4 b4 19. Nd6+ Bxd6 20. exd6 Bd5 21. Rxg7 c3 22. Rxf7 c2 23. Re7+ Kd8 24. Qb2 Re8 25.
Bxh6 Rxe7 26. dxe7+ Kxe7 27. Bd3 b3 28. Qa3+ Nc5 29.
dxc5 b2 30. c6+ Kf6 31. Rc1 b1=Q 32. Qc3+ e5 33. Bg5+ Ke6 34. Bxc2 Qb4 0-1

[Event "Late-Titled-Tuesday-Blitz-January-30-2024"]
[Site "Chess.com"]
[Date "2024.01.30"]
[Round "6"]
[White "jup1978"]
[Black "malakismayil"]
[Result "1-0"]
[WhiteElo "2439"]
[BlackElo "2534"]
[TimeControl "180+1"]
[EndTime "15:07:25 PST"]
[Termination "jup1978 won on time"]

1. d4 d5 2. Nf3 Nf6 3. c4 e6 4. g3 Be7 5. Bg2 O-O 6. O-O dxc4 7.
Ne5 c5 8. dxc5 Bxc5 9. Qc2 Qc7 10. Nxc4 Nbd7 11. b3 Rb8 12. Ba3 b5 13. Ne3 b4 14.
Bb2 Ba6 15. Nc4 Rfc8 16. Nbd2 Nb6 17. Rac1 Qe7 18. Ba1 Nfd7 19. Qb2 f6 20. Nxb6 Nxb6 21. Ne4 e5 22. Nxc5 Rxc5 23. Rxc5 Qxc5 24. Rc1 Qb5 25. e3 Rd8 26. Qc2 Qd7 27. h4 Rc8 28. Qb1 Rxc1+ 29.
Qxc1 Bb7 30. Bb2 Bxg2 31. Kxg2 h5 32. Qc2 Qd5+ 33. Kg1 Qd6 34. e4 Qd7 35. Bc1 Qd4 36.
Be3 Qa1+ 37. Kg2 Qc3 38. Qe2 Nd7 39. Qxh5 Qd3 40. Qe8+ Kh7 41. Qh5+ Kg8 42. Qf5 Nf8 43. Bc5 1-0

[Event "Late-Titled-Tuesday-Blitz-January-30-2024"]
[Site "Chess.com"]
[Date "2024.01.30"]
[Round "6"]
[White "icychess54"]
[Black "Gryffindorac8"]
[Result "1-0"]
[WhiteElo "2246"]
[BlackElo "2381"]
[TimeControl "180+1"]
[EndTime "15:07:25 PST"]
[Termination "icychess54 won by checkmate"]

1. c4 Nf6 2. Nc3 c5 3. Nf3 b6 4. d4 cxd4 5. Nxd4 Bb7 6. e3 e6 7. Ndb5 d6 8. b3 a6 9. Nd4 Be7 10. Bb2 O-O 11. Be2 Nbd7 12. O-O Qc7 13. f4 d5 14. Rc1 dxc4 15. Bxc4 Qd8 16. Qe2 b5 17. Bd3 Nc5 18. Bb1 Nce4 19. Nxe4 Nxe4 20. Nc6 Bxc6 21. Rxc6 Qd5 22. Rc7 Bd6 23. Rd1 Bxc7 24. Rxd5 exd5 25. Qg4 f6 26. Qe6+ Kh8 27. Qxd5 Nd6 28. Qh5 h6 29. Qg6 Kg8 30. Qh7+ Kf7 31. Bg6+ Ke6 32. Qxg7 Bb6 33. f5+ Kd5 34. Bf7+ Rxf7 35. Qg3 Rc8 36. h3 Kc6 37. Qg6 Rcf8 38. Qxh6 Kd7 39. Qf4 Re8 40. Bd4 Bxd4 41. Qxd4 Re4 42. Qa7+ Kc6 43. Qxa6+ Kd5 44. Qa8+ Ke5 45. Qc6 Re7 46. Qc5# 1-0

[Event "Late-Titled-Tuesday-Blitz-January-30-2024"]
[Site "Chess.com"]
[Date "2024.01.30"]
[Round "6"]
[White "jsdbv18"]
[Black "Slovineanu"]
[Result "1-0"]
[WhiteElo "2613"]
[BlackElo "2457"]
[TimeControl "180+1"]
[EndTime "15:07:27 PST"]
[Termination "jsdbv18 won on time"]

1. d4 Nf6 2. Nf3 d5 3. c4 e6 4. Nc3 c5 5. cxd5 Nxd5 6. e3 cxd4 7. exd4 Bb4 8. Bd2 O-O 9. Bd3 b6 10. Nxd5 Bxd2+ 11. Nxd2 exd5 12. O-O Nc6 13. Qa4 Qf6 14. Nb3 Bd7 15. Rac1 Rad8 16. Bb5 Nb8 17. Rc7 Bxb5 18. Qxb5 Rfe8 19. Rxa7 h5 20. Rc7 h4 21. h3 Re4 22.
Rb7 Re6 23. Rc1 Rde8 24. Qf1 Nc6 25. Rxb6 Nxd4 26. Rxe6 Nxe6 27. Qe2 Qg5 28. Rd1 Rd8 29. Qe3 Qf5 30. Nd4 Nxd4 31. Qxd4 Qc2 32. a3 Rb8 33. b4 Qb3 34. Rd3 Qb1+ 35. Kh2 Rd8 36.
a4 Qa2 37. a5 Rb8 38. Qxh4 g6 39. Qf4 Rc8 40. Rf3 d4 41. Qxd4 Rc2 42. Qd8+ Kg7 43. Qf6+ Kg8 44. Rf4 Qb1 45. Rh4 1-0

[Event "Late-Titled-Tuesday-Blitz-January-30-2024"]
[Site "Chess.com"]
[Date "2024.01.30"]
[Round "6"]
[White "rhungaski"]
[Black "LUISMIGUELOV"]
[Result "1-0"]
[WhiteElo "2506"]
[BlackElo "2197"]
[TimeControl "180+1"]
[EndTime "15:07:27 PST"]
[Termination "rhungaski won by checkmate"]

1. e4 c6 2. d4 d5 3. e5 c5 4. Nf3 cxd4 5. Qxd4 Nc6 6. Qf4 e6 7. Bd3 Nge7 8. O-O Ng6 9. Qg3 Qc7 10. Re1 Bd7 11.
c3 Be7 12. Nbd2 a6 13. b4 Rc8 14. Bb2 f5 15. Rac1 O-O 16. c4 dxc4 17. Nxc4 b5 18.
Nd6 Qb6 19. Nxc8 Rxc8 20. h4 Nf8 21. h5 h6 22. Red1 Be8 23. Qh3 Bxb4 24. Nd4 Bc5 25. Rxc5 Qxc5 26. Rc1 Qd5 27. Bf1 Bd7 28. Qg3 Nxd4 29.
Rd1 Bc6 30. Rxd4 Qxa2 31. Bc1 Bd5 32. Bxh6 Rc7 33. Bg5 Nh7 34. Bf6 Nxf6 35. exf6 Qa1 36. Qxc7 Qxd4 37. Qxg7# 1-0

[Event "Late-Titled-Tuesday-Blitz-January-30-2024"]
[Site "Chess.com"]
[Date "2024.01.30"]
[Round "6"]
[White "SaqoChess_Twitch"]
[Black "Nemsko"]
[Result "0-1"]
[WhiteElo "2617"]
[BlackElo "2396"]
[TimeControl "180+1"]
[EndTime "15:07:28 PST"]
[Termination "Nemsko won by checkmate"]

1. d4 Nf6 2. c4 e6 3. Nc3 Bb4 4. e3 O-O 5. a3 Bxc3+ 6. bxc3 d5 7. cxd5 exd5 8. Bd3 c5 9. Ne2 b6 10. O-O Bb7 11. Ra2 Nc6 12. f3 Qe7 13. g4 Rfe8 14. Ng3 g6 15. h4 Nd7 16. Rh2 Nf8 17. g5 Qd6 18. f4 f5 19. h5 Re7 20. hxg6 hxg6 21.
Kg2 Rh7 22. Rfh1 Re8 23. Rxh7 Nxh7 24. Rxh7 Kxh7 25. Qh1+ Kg8 26. Qh6 Qe6 27. Kf2 Re7 28. Qh1 c4 29. Be2 Na5 30. Bd1 Nb3 31. Bxb3 cxb3 32.
Qf1 Bc6 33. Qa6 b2 34. Bxb2 Qxe3+ 35. Kg2 Qd2+ 36. Kg1 Qxb2 37. Qc8+ Be8 38. Qd8 Re1+ 39. Nf1 Qe2 40. Qxd5+ Bf7 41. Qa8+ Kg7 42. Qg2 Bc4 43.
Qb7+ Qe7 44. Qxe7+ Rxe7 45. Nd2 Re1+ 46. Kf2 Re2+ 47.
Kg3 Rxd2 48. a4 Ra2 49. a5 Rxa5 50. Kh4 Ra1 51. Kg3 a5 52. d5 Bxd5 53. c4 Bxc4 54. Kh4 a4 55. Kh3 a3 56. Kg3 a2 57. Kh4 Rb1 58. Kg3 a1=Q 59. Kh4 Rh1+ 60. Kg3 Qe1+ 61. Kf3 Qe2+ 62. Kg3 Rg1+ 63. Kh3 Qg2+ 64. Kh4 Qg4# 0-1

[Event "Late-Titled-Tuesday-Blitz-January-30-2024"]
[Site "Chess.com"]
[Date "2024.01.30"]
[Round "6"]
[White "manitodeplomo"]
[Black "Cambek64"]
[Result "1-0"]
[WhiteElo "2692"]
[BlackElo "2522"]
[TimeControl "180+1"]
[EndTime "15:07:29 PST"]
[Termination "manitodeplomo won by resignation"]

1. d4 c5 2. d5 e5 3. dxe6 fxe6 4. e4 Nc6 5. Nc3 d6 6. f4 a6 7. Nf3 b5 8. a4 b4 9. Ne2 Nf6 10. Ng3 d5 11. e5 Ng8 12. Be3 Nh6 13. Bd3 c4 14.
Be2 Be7 15. b3 c3 16. Qd3 O-O 17. O-O-O a5 18. h3 Ba6 19. Qxa6 Rxa6 20. Bxa6 d4 21.
Nxd4 Bc5 22. Nge2 Nxd4 23. Bxd4 Qb6 24. Bc4 Kh8 25. g4 Ng8 26. Rhe1 Ne7 27. Bxc5 Qxc5 28.
Nd4 Rc8 29. Nxe6 Qb6 30. Rd6 Nc6 31. Bb5 Qf2 32. Red1 h5 33. Bxc6 h4 34. Rd8+ Rxd8 35. Rxd8+ Kh7 36. Ng5+ Kg6 37. Be4+ 1-0

[Event "Late-Titled-Tuesday-Blitz-January-30-2024"]
[Site "Chess.com"]
[Date "2024.01.30"]
[Round "6"]
[White "Bkmzzzzz"]
[Black "Nf3c5"]
[Result "0-1"]
[WhiteElo "2348"]
[BlackElo "2524"]
[TimeControl "180+1"]
[EndTime "15:07:29 PST"]
[Termination "Nf3c5 won on time"]

1. e4 c5 2. Nf3 Nc6 3. Bb5 Na5 4. O-O a6 5. Be2 e6 6. c4 Nc6 7. d4 cxd4 8. Nxd4 Qc7 9. Nc3 Nf6 10. h3 Nxd4 11.
Qxd4 Bc5 12. Qd3 d6 13. Bg5 h6 14. Be3 e5 15. Rfd1 Be6 16. b3 O-O 17. Na4 Nd7 18. Rd2 Rad8 19. Rad1 Bb4 20. Rc2 Nc5 21. Bxc5 dxc5 22.
Qf3 Rd4 23. Rcc1 Rfd8 24. Nb2 Ba3 25. Rb1 Rd2 26. Rxd2 Rxd2 27. Nd3 Rxa2 28. Bf1 Qd6 29. Qg3 f6 30. Qg6 Rd2 31. Qe8+ Kh7 32. Ne1 Qd7 33. Qb8 Bb4 34. Qf8 Qd4 35. Nf3 Qxf2+ 36. Kh1 Ra2 37.
Qe7 Bxh3 0-1

[Event "Late-Titled-Tuesday-Blitz-January-30-2024"]
[Site "Chess.com"]
[Date "2024.01.30"]
[Round "6"]
[White "bazar-wokzal"]
[Black "GoltsevDmitry2000"]
[Result "0-1"]
[WhiteElo "2600"]
[BlackElo "2813"]
[TimeControl "180+1"]
[EndTime "15:07:32 PST"]
[Termination "GoltsevDmitry2000 won on time"]

1. e4 e6 2. d4 d5 3. e5 c5 4. c3 Nc6 5. Nf3 Nge7 6. Na3 Nf5 7. Nc2 h5 8. Bd3 Be7 9. Bxf5 exf5 10. dxc5 Bxc5 11.
Be3 Be7 12. O-O g5 13. Nfd4 Nxe5 14. f4 Nc4 15. fxg5 Bxg5 16. Qe2 Nxe3 17. Nxe3 Qe7 18. Nxd5 Qxe2 19. Nxe2 Bd8 20. Nd4 Be6 21. Rae1 Kd7 22. Nf4 Bb6 23. Rd1 Rae8 24. Kf2 Bxa2 25. Kf3 Kc8 26.
Nxf5 Kb8 27. Rfe1 Bb3 28. Rxe8+ Rxe8 29. Rd7 Bc2 30. Rxb7+ Ka8 31. Re7 Bd1+ 32. Ke4 Bc2+ 33. Kd5 Rc8 34. Nd6 Rc5+ 35. Kd4 Rc7+ 36. Ke5 Rxe7+ 37. Kf6 Re1 38. Nxf7 h4 0-1